Map: Cactus Valley LE (Void)

Players

nisezou - Winner!

  • Race: Protoss Protoss
  • League: Diamond
  • Spawn Location: 5:00

Kaori

  • Race: Zerg Zerg
  • League: Diamond
  • Spawn Location: 11:00

VOD

Have the link to the VOD?

Description

Time

  • Played on: Feb. 12, 2017, 10:12 a.m.
  • Length: 14:04
Show
View Real Time Build Order
Export as new Build Order

nisezou Protoss - Winner!

Build Orders: Nexus First, Oracle Opening, Phoenix Opening 

Get SALT Encoding   

  12  0:01  Probe (Chrono Boost)  
  13  0:11  Probe (Chrono Boost)  
  14  0:20  Pylon  
  14  0:24  Probe (Chrono Boost)  
  15  0:38  Probe (Chrono Boost)  
  16  0:49  Probe (Chrono Boost)  
  17  0:59  Nexus  
  17  1:10  Gateway  
  17  1:17  Assimilator  
  18  1:18  Probe (Chrono Boost)  
  18  1:28  Assimilator  
  18  1:29  Probe (Chrono Boost)  
  19  1:39  Probe (Chrono Boost)  
  20  1:50  Probe (Chrono Boost)  
  21  1:59  Zealot  
  23  2:03  Cybernetics Core  
  23  2:11  Probe (Chrono Boost)  
  23  2:12  Probe (Chrono Boost)  
  25  2:22  Probe (Chrono Boost)  
  26  2:24  Probe (Chrono Boost)  
  27  2:32  Probe (Chrono Boost)  
  27  2:35  Adept  
  28  2:41  Warp Gate  
  30  2:45  Probe (Chrono Boost)  
  30  2:46  Stargate  
  30  2:48  Probe (Chrono Boost)  
  32  2:55  Probe (Chrono Boost)  
  34  2:59  Probe (Chrono Boost)  
  34  3:04  Pylon  
  34  3:06  Probe (Chrono Boost)  
  34  3:12  Mothership Core (Chrono Boost)  
  37  3:16  Probe (Chrono Boost)  
  38  3:25  Oracle  
  38  3:27  Probe (Chrono Boost)  
  38  3:32  Probe (Chrono Boost)  
  43  3:38  Probe (Chrono Boost)  
  43  3:40  Pylon  
  44  3:44  Probe (Chrono Boost)  
  45  3:50  Probe (Chrono Boost)  
  45  3:53  Assimilator  
  46  3:57  Assimilator, Phoenix  
  46  4:00  Pylon  
  46  4:01  Probe x2 (Chrono Boost)  
  50  4:15  Probe (Chrono Boost)  
  51  4:21  Pylon  
  51  4:23  Nexus  
  51  4:30  Probe (Chrono Boost)  
  52  4:34  Pylon  
  52  4:39  Void Ray  
  52  4:42  Gateway x2  
  52  4:44  Probe (Chrono Boost)  
  57  4:47  Adept  
  59  4:53  Stargate  
  59  5:04  Probe (Chrono Boost)  
  59  5:06  Fleet Beacon  
  60  5:12  Probe (Chrono Boost)  
  61  5:17  Probe (Chrono Boost)  
  62  5:24  Probe (Chrono Boost)  
  62  5:27  Probe (Chrono Boost)  
  64  5:29  Pylon  
  65  5:36  Probe (Chrono Boost)  
  65  5:41  Carrier  
  65  5:42  Probe (Chrono Boost)  
  66  5:44  Carrier, Probe (Chrono Boost)  
  67  5:54  Probe (Chrono Boost)  
  80  5:57  Pylon  
  80  6:02  Probe x2 (Chrono Boost)  
  82  6:07  Graviton Catapult  
  82  6:17  Probe (Chrono Boost)  
  83  6:22  Pylon  
  83  6:23  Probe (Chrono Boost)  
  84  6:32  Assimilator, Probe (Chrono Boost)  
  85  6:36  Assimilator  
  85  6:41  Pylon  
  85  6:47  Probe (Chrono Boost), Gateway x2  
  86  6:52  Probe (Chrono Boost)  
  87  6:55  Carrier  
  87  6:59  Carrier  
  87  7:00  Adept x3, Protoss Air Weapons Level 1  
  94  7:03  Probe (Chrono Boost)  
  94  7:07  Probe (Chrono Boost)  
  113  7:25  Forge  
  113  7:27  Probe x2 (Chrono Boost)  
  113  7:28  Pylon  
  115  7:38  Twilight Council  
  115  7:54  Adept  
  115  7:55  Adept x4  
  97  8:14  Carrier  
  97  8:15  Zealot  
  97  8:16  Zealot x3  
  95  8:23  Carrier  
  95  8:24  Charge  
  103  8:39  Stargate  
  103  8:42  Protoss Ground Weapons Level 1  
  103  8:50  Zealot  
  103  8:52  Gateway  
  105  8:57  Pylon  
  105  9:11  Nexus  
  105  9:12  Pylon  
  105  9:13  Pylon  
  105  9:21  Protoss Air Weapons Level 2  
  111  9:25  Carrier  
  111  9:28  Carrier  
  117  9:35  Pylon  
  111  9:40  Adept x4  
  116  9:49  Carrier  
  115  9:56  Probe (Chrono Boost)  
  118  10:03  Mothership Core (Chrono Boost)  
  119  10:08  Probe (Chrono Boost)  
  119  10:09  Pylon  
  119  10:10  Nexus  
  119  10:12  Pylon  
  119  10:13  Pylon  
  119  10:16  Photon Cannon  
  119  10:17  Gateway  
  119  10:19  Pylon  
  119  10:20  Photon Cannon  
  125  10:35  Zealot x2  
  125  10:36  Zealot  
  131  10:47  Zealot x2  
  135  10:51  Carrier  
  135  10:53  Carrier  
  135  10:56  Protoss Ground Weapons Level 2  
  148  10:57  Pylon  
  148  10:58  Probe (Chrono Boost)  
  148  11:00  Pylon  
  148  11:10  Zealot x2  
  148  11:11  Zealot x2  
  156  11:14  Carrier  
  162  11:19  Templar Archives  
  162  11:24  Probe x2 (Chrono Boost)  
  166  11:26  Probe x2 (Chrono Boost)  
  166  11:34  Gateway  
  166  11:35  Gateway  
  166  11:36  Probe (Chrono Boost)  
  167  11:47  Pylon  
  167  11:49  Nexus  
  167  12:00  High Templar x4  
  175  12:05  Archon x2  
  175  12:14  Zealot x2  
  175  12:16  Carrier  
  173  12:26  Pylon  
  167  12:38  Zealot x4  
  167  12:39  Zealot x3  
  189  13:04  Zealot x4  
  197  13:08  Probe (Chrono Boost)  
  197  13:11  Probe (Chrono Boost)  
  199  13:24  Zealot  
  199  13:25  Zealot x5  
  175  13:53  Zealot x2  
  175  13:54  Zealot x2  
Show
View Real Time Build Order
Export as new Build Order

Kaori Zerg 

Build Orders: Hatch First 

Get SALT Encoding   

  12  0:01  Drone  
  13  0:13  Overlord  
  13  0:18  Drone  
  14  0:31  Drone x2  
  16  0:37  Drone  
  17  0:46  Drone  
  18  1:00  Hatchery  
  18  1:03  Drone  
  18  1:07  Drone  
  18  1:09  Extractor  
  18  1:21  Spawning Pool  
  18  1:24  Drone  
  19  1:32  Drone  
  19  1:40  Overlord  
  19  2:08  Queen  
  21  2:09  Zergling x4  
  21  2:10  Metabolic Boost  
  21  2:12  Queen  
  25  2:16  Zergling x2  
  25  2:21  Zergling x2  
  27  2:34  Drone x4  
  31  2:44  Drone x2  
  33  3:00  Drone x2  
  33  3:01  Hatchery  
  34  3:06  Drone x2  
  36  3:19  Overlord x2  
  36  3:32  Overlord  
  36  3:38  Drone x4  
  36  3:39  Roach Warren  
  39  3:48  Spore Crawler  
  39  3:49  Spore Crawler  
  39  3:53  Drone x3  
  40  3:57  Drone x2  
  41  4:08  Overlord  
  41  4:12  Queen  
  41  4:13  Lair  
  41  4:14  Drone  
  41  4:16  Extractor  
  43  4:17  Extractor  
  43  4:19  Extractor  
  43  4:21  Drone x2  
  40  4:34  Drone x2  
  40  4:35  Drone  
  40  4:36  Drone  
  44  4:51  Drone x2  
  44  4:52  Drone x2  
  48  4:53  Drone  
  48  4:54  Spore Crawler  
  48  4:57  Overlord x2  
  48  5:00  Drone  
  48  5:03  Zergling x2  
  50  5:11  Glial Reconstitution  
  50  5:12  Drone x2  
  50  5:13  Drone  
  53  5:15  Drone  
  53  5:19  Pneumatized Carapace  
  54  5:21  Drone  
  54  5:22  Drone  
  54  5:24  Drone  
  57  5:33  Drone  
  57  5:34  Drone x2  
  57  5:35  Drone x3  
  63  5:43  Hydralisk Den  
  63  5:46  Drone x3  
  63  5:47  Evolution Chamber  
  64  5:52  Drone x4  
  64  5:55  Roach  
  70  6:00  Roach  
  70  6:01  Roach  
  74  6:05  Overlord x2  
  74  6:06  Overlord  
  74  6:13  Muscular Augments  
  74  6:14  Zerg Missile Weapons Level 1  
  74  6:16  Overlord  
  74  6:25  Roach x3  
  80  6:26  Roach x3  
  86  6:32  Overlord  
  86  6:33  Roach  
  86  6:34  Roach x2  
  86  6:36  Roach  
  86  6:39  Roach x2  
  98  6:43  Hydralisk, Overlord  
  98  6:46  Roach x2  
  104  6:52  Roach x3  
  110  6:58  Hydralisk x2  
  110  7:00  Overlord  
  114  7:01  Ravager x2  
  114  7:02  Ravager x2  
  114  7:06  Ravager  
  114  7:08  Zergling x8  
  121  7:11  Extractor  
  121  7:12  Extractor, Overlord x2  
  120  7:16  Overlord  
  120  7:21  Overseer x2  
  120  7:23  Overlord x2  
  120  7:24  Roach  
  122  7:35  Hatchery  
  121  7:37  Zergling x4  
  121  7:38  Zergling x4  
  121  7:41  Lurker Den  
  125  7:47  Evolution Chamber, Roach  
  125  7:48  Roach x2  
  130  7:52  Overlord x2  
  118  8:06  Hydralisk x3  
  118  8:07  Hydralisk x3  
  105  8:30  Hydralisk  
  105  8:31  Hydralisk x5  
  105  8:34  Drone x2  
  108  8:35  Zergling x4  
  108  8:38  Drone x2  
  104  8:43  Drone, Zergling x2  
  104  8:44  Drone, Overseer  
  104  8:46  Zergling x2  
  108  8:52  Queen  
  108  8:53  Drone x2  
  112  9:00  Drone x2  
  112  9:01  Zerg Ground Armor Level 1, Zerg Missile Weapons Level 2  
  114  9:05  Roach x2  
  114  9:09  Zergling x6  
  121  9:10  Spore Crawler, Extractor  
  121  9:11  Zergling x2  
  121  9:12  Drone, Extractor  
  120  9:20  Hydralisk x2  
  120  9:21  Hydralisk  
  120  9:24  Drone x2  
  128  9:31  Spire  
  128  9:32  Roach  
  87  10:04  Zergling x2  
  87  10:05  Zergling x10  
  93  10:11  Baneling Nest, Hydralisk x2  
  93  10:12  Hydralisk x7  
  93  10:14  Ravager x3, Roach x2  
  117  10:28  Roach  
  117  10:29  Roach  
  121  10:37  Spore Crawler, Drone x4  
  121  10:38  Hydralisk x5  
  121  10:40  Roach  
  121  10:41  Roach  
  138  10:43  Roach  
  131  10:59  Zerg Flyer Weapons Level 1  
  131  11:00  Infestation Pit  
  131  11:04  Zerg Ground Armor Level 2  
  130  11:06  Ravager  
  130  11:07  Ravager x3  
  130  11:08  Ravager  
  135  11:12  Drone x3  
  135  11:13  Drone  
  135  11:15  Overlord x2  
  139  11:19  Zergling x4, Overlord  
  139  11:20  Drone x2, Zergling x2  
  144  11:25  Overlord  
  144  11:26  Overlord  
  144  11:41  Roach x4  
  144  11:47  Corruptor x2  
  152  11:49  Hatchery  
  152  11:52  Hive  
  155  11:56  Corruptor  
  157  12:08  Zergling x6  
  125  12:32  Overseer  
  125  12:33  Overseer  
  112  12:38  Roach x12  
  112  12:39  Roach x7  
  150  12:44  Corruptor  
  150  12:45  Corruptor  
  150  12:46  Ravager  
  150  12:47  Ravager x2  
  150  12:48  Ravager  
  158  12:53  Overlord  
  158  12:56  Roach x3  
  164  13:08  Ravager x8  
  164  13:09  Ravager x4  
  164  13:10  Zergling x2  
  164  13:11  Zergling x8  
  181  13:19  Corruptor x2  
  129  13:34  Overseer  
  129  13:35  Overseer x2  
  122  13:44  Roach  
  122  13:45  Roach x7  
Tags
 
Add a new tag
Caveats
  • Supply blocks, unpowered buildings, or Contaminate may cause inaccurate times.
  • Supply counts are checked every 10 seconds.